 Dungeon Crawl Stone Soup version 0.27.0-1-g7a089689b8 (webtiles) character file.

Game seed: 4560737325328804325

98 thirtiethelement the Skirmisher (level 4, -1/37 HPs)
             Began as a Demonspawn Abyssal Knight on Aug 10, 2021.
             Was a Follower of Lugonu.
             Succumbed to an orc's poison
             ... on level 3 of the Dungeon.
             The game lasted 00:04:41 (2940 turns).

thirtiethelement the Skirmisher (DsAK)              Turns: 2940, Time: 00:04:42

Health: -1/37      AC:  3    Str: 20    XL:     4   Next: 44%
Magic:  5/5        EV: 11    Int: 20    God:    Lugonu [*.....]
Gold:   67         SH:  0    Dex: 12    Spells: 2/3 levels left

rFire    . . .     SeeInvis .   a - +1 falchion
rCold    . . .     Faith    .   (no shield)
rNeg     . . .     Spirit   .   b - +0 leather armour
rPois    .         Reflect  .   (no helmet)
rElec    .         Harm     .   (no cloak)
rCorr    .         Rampage  .   (no gloves)
Will     +....                  (no boots)
Stlth    +.........             (no amulet)
HPRegen  0.12/turn              c - ring "Jielyoq" {Will+ Str+7 Int+6}
MPRegen  0.09/turn              (no ring)

@: lethally poisoned (-1 -> -21), hasted, very quick
A: claws 1, foul stench 1
a: Renounce Religion, Depart the Abyss


You were on level 3 of the Dungeon.
You worshipped Lugonu.
Lugonu was aware of your devotion.
You visited 1 branch of the dungeon, and saw 3 of its levels.
You visited the Abyss 1 time.

You collected 67 gold pieces.

Inventory:

Hand Weapons
 a - a +1 falchion (weapon)
Armour
 b - a +0 leather armour (worn)
Jewellery
 c - the ring "Jielyoq" (left claw) {Will+ Str+7 Int+6}
   (You found it on level 2 of the Abyss)

   [ring of intelligence]

   Str:       It affects your strength (+7).
   Int:       It affects your intelligence (+6).
   Will:      It increases your willpower.
 d - an amulet of the acrobat
 e - an amulet of faith
Scrolls
 f - a scroll of torment {unknown}
 i - a scroll of teleportation {unknown}
 j - a scroll of identify {unknown}
 l - a scroll of enchant weapon {unknown}
Potions
 h - a potion of haste
 k - a potion of curing {unknown}


   Skills:
 + Level 4.0 Fighting
 + Level 2.8 Long Blades
 + Level 2.4 Armour
 + Level 1.1 Dodging
 + Level 0.4 Stealth
 + Level 2.5 Invocations


You had 2 spell levels left.
You knew the following spells:

 Your Spells              Type           Power      Damage    Failure   Level
a - Foxfire               Conj/Fire      0%         2x1d4     22%         1

Your spell library contained the following spells:

 Spells                   Type           Power      Damage    Failure   Level
 Conjure Flame            Conj/Fire      0%         6-21      54%         3
 Gell's Gravitas          Tloc           0%         N/A       54%         3
 Inner Flame              Hex/Fire       0%         N/A       54%         3
 Teleport Other           Tloc           0%         N/A       54%         3
 Dispersal                Tloc           0%         N/A       100%        6


Dungeon Overview and Level Annotations

Branches:
Dungeon (3/15)

Altars:


Innate Abilities, Weirdness & Mutations

You have sharp fingernails.
You may rarely emit foul miasma when damaged in melee.


Message History

You are confused.
Something hits you but does no damage.
You barely miss something.
You feel very sick.
The orc hits you with a +1 dagger of venom.
You are lethally poisoned!
You hear some strange, mumbled words.
Something tries to affect you, but you resist.
The rat bites you. Something hits you.
The orc hits you with a +1 dagger of venom.
You barely miss the orc.
* * * LOW HITPOINT WARNING * * *
You feel very sick. Something hits you.
* * * LOW HITPOINT WARNING * * *
The rat completely misses you. Something hits you.
* * * LOW HITPOINT WARNING * * *
An orc comes into view. It is wielding a +0 flail.
The orc hits you but does no damage.
You feel much better.
You feel very sick.
The orc shouts!
Something hits you. The rat bites you but does no damage.
Something barely misses you.
The orc hits you with a +1 dagger of venom.
Okay, then.
You are too confused!
You barely miss something.
You feel very sick. Something hits you. The rat bites you.
You hear some strange, mumbled words.
A puff of flame appears from out of thin air!
The puff of flame hits you!
* * * LOW HITPOINT WARNING * * *
The orc hits you with a +1 dagger of venom.
* * * LOW HITPOINT WARNING * * *
You are more poisoned.
It was a potion of haste.
You feel yourself speed up.
You feel less confused.
You die...

#. ..###..
#.#........
#..........
#..........
#########..........
...................
........../........
!.........r.......
.$...<...@{........
####.....o........
##..#..........
#.....o####....
##.#..#.## ..##.
#..#.##..##.#
##.##..##.)..####.
#..##..###........
#.###......#.####.


You could see 2 orcs and a rat.

Vanquished Creatures
  An orc priest (D:3)
  A gnoll (D:1)
  An adder (D:2)
  2 worms (D:2)
  A dart slug (D:2)
  2 ball pythons
  10 endoplasms
  2 giant cockroaches
  4 goblins
  3 hobgoblins (D:1)
  4 jackals (D:2)
  3 bats
  3 frilled lizards
  3 kobolds (D:1)
  A rat (D:1)
41 creatures vanquished.

Notes
Turn   | Place    | Note
-------+----------+-------------------------------------------
     0 | Abyss:1  | thirtiethelement the Demonspawn Abyssal Knight began the
                  | quest for the Orb.
     0 | Abyss:1  | Reached XP level 1. HP: 18/18 MP: 2/2
    28 | Abyss:2  | Identified the ring "Jielyoq" {Will+ Str+7 Int+6}
    80 | Abyss:2  | Noticed a large abomination
    80 | Abyss:2  | Noticed an Executioner
    84 | D:1      | Escaped the Abyss
   526 | D:1      | Gained mutation: You may rarely emit foul miasma when
                  | damaged in melee. [demonic ancestry]
   526 | D:1      | Reached XP level 2. HP: 23/24 MP: 3/3
   760 | D:1      | Reached * piety under Lugonu
   835 | D:1      | Reached skill level 1 in Dodging
   842 | D:1      | Reached XP level 3. HP: 19/29 MP: 4/4
  1505 | D:2      | Learned a level 1 spell: Foxfire
  2234 | D:2      | Found a faded altar of an unknown god.
  2580 | D:3      | Gained mutation: You have sharp fingernails. [demonic
                  | ancestry]
  2580 | D:3      | Reached XP level 4. HP: 37/37 MP: 5/5
  2609 | D:3      | HP: 1/37 [orc priest (8)]
  2611 | D:3      | Reached skill level 4 in Fighting
  2940 | D:3      | Succumbed to an orc's poison

Illustrated notes

Levels and vault maps discovered:
D:1:      elethiomel_arrival_infinity_welcomes_careful_drivers,
          layout_loops_corners, hangedman_abyss_or_decor_stabs,
          hangedman_feature_mirror
D:2:      layout_loops_corners, chequers_ecumenical_altar_twisty, minivault_23,
          grunt_ministairs_3
D:3:      layout_rooms, nicolae_overflow_hidden_temple,
          mainiacjoe_overflow_alcove_2

Skill      XL: |  1  2  3  4 |
---------------+-------------+-----
Armour         | 2 |  2.4
Long Blades    | 2 |  2.8
Dodging        | 1 |  1.1
Fighting       | 4 |  4.0
Stealth        | |  0.4
Invocations    | |  2.5

Action                   |  1- 3 |  4- 6 || total
-------------------------+-------+-------++-------
Melee: Falchion          |   103 |    17 ||   120
Invok: Depart the Abyss  |     1 |       ||     1
  Use: Potion            |       |     3 ||     3
 Stab: Sleeping          |     4 |       ||     4
Armor: Leather armour    |    27 |     5 ||    32
Dodge: Dodged            |    54 |    13 ||    67
       Rpst.: Falchion   |    20 |     2 ||    22
